 Dungeon Crawl Stone Soup version 0.20.0-15-g7f486f2 (webtiles) character file.

672 KleinerIrrer the Spear-Bearer (level 7, -6/53 HPs)
             Began as a Merfolk Gladiator on June 25, 2017.
             Killed from afar by an orc wizard (13 damage)
             ... with a puff of frost
             ... on level 4 of the Dungeon.
             The game lasted 00:15:23 (4367 turns).

KleinerIrrer the Spear-Bearer (Merfolk Gladiator)   Turns: 4367, Time: 00:15:24

Health: -6/53      AC:  5    Str: 14    XL:     7   Next: 59%
Magic:  7/7        EV: 15    Int:  8    God:
Gold:   217        SH:  0    Dex: 17    Spells: 6/6 levels left

rFire    . . .     SeeInvis .   a - +1 trident
rCold    . . .     Gourm    .   (no shield)
rNeg     . . .     Faith    .   v - -2 leather armour (curse)
rPois    .         Spirit   .   c - +0 helmet
rElec    .         Reflect  .   q - scarf {repulsion}
rCorr    .         Harm     .   (no gloves)
MR       .....                  u - +2 pair of boots
Stlth    +++.......             s - amulet of magic regeneration
Regen    0.2/turn               (no ring)
MPRegen  0.2/turn               (no ring)

@: hasted, repel missiles, very quick
A: change form in water, swift swim, stealthy swim
a: no special abilities


You were on level 4 of the Dungeon.
You were not hungry.

You visited 1 branch of the dungeon, and saw 5 of its levels.

You collected 217 gold pieces.

Inventory:

Hand Weapons
 a - a +1 trident (weapon)
 A - a cursed -2 mace
Missiles
 d - 3 throwing nets (quivered)
Armour
 b - the +3 robe of the Soldier {Str+3 Stlth+, unknown}
   (You found it on level 4 of the Dungeon)

   It affects your strength (+3).
   It makes you more stealthy.
 c - a +0 helmet (worn)
 q - a scarf of repulsion (worn)
 u - a +2 pair of boots (worn)
 v - a cursed -2 leather armour (worn)
Jewellery
 h - a cursed amulet of inaccuracy {unknown}
 s - an amulet of magic regeneration (around neck)
 w - an uncursed amulet of rage {unknown}
 y - an uncursed amulet of guardian spirit {unknown}
Scrolls
 i - 4 scrolls of identify
 j - a scroll of recharging
 n - a scroll of magic mapping
 B - 2 scrolls of remove curse {unknown}
Potions
 e - a potion of berserk rage {unknown}
 g - a potion of ambrosia {unknown}
 l - a potion of degeneration {unknown}
 o - a potion of heal wounds {unknown}
 r - a potion of invisibility {unknown}
 x - a potion of might {unknown}
 z - a potion of cancellation {unknown}
Comestibles
 f - 7 bread rations
 k - 2 fruits
 m - a meat ration
 t - 3 royal jellies


   Skills:
 + Level 3.7 Fighting
 + Level 8.1 Polearms
 - Level 2.0 Throwing
 + Level 2.1 Armour
 + Level 5.8 Dodging
 * Level 4.0 Stealth


You had 6 spell levels left.
You didn't know any spells.

Dungeon Overview and Level Annotations

Branches:
Dungeon (5/15)
 Temple: D:4-7

Altars:
Ashenzari
Vehumet
Yredelemnul

Annotations:
D:4 Sigmund


Message History

You reach to attack!
You hit the gnoll.
The gnoll is lightly wounded.
The gnoll hits you from afar with a spear.
* * * LOW HITPOINT WARNING * * *
An adder comes into view.
The adder hisses angrily.
You barely miss the adder. The adder bites you.
* * * LOW HITPOINT WARNING * * *
The adder misses you.
There is a stone staircase leading up here.
You climb upwards.
Level annotation: Sigmund Sigmund shouts!
An orc priest comes into view. It is wielding a hand axe.
There is a stone staircase leading down here.
An orc wizard comes into view. It is wielding a dagger.
The orc wizard shouts!
The orc wizard points at you and mumbles some strange words.
The puff of frost hits you!
You die...

###.##.# .......##...........#
# #.##.# #.....#..##........#
# #.##.# #........##........#
###.##.####........##..#.#####
.##.##.##..........#.o#..#
.##.##..........##>..#..##
.......#.###.....#...#.##
.........###...........#
.....###....####@.#.#..#
.....# ####..###.(#.#..#
....## ##......#....#
....##########.......# #
.....<...............#
......####...........# ..#.#.#
#..o........# ..<.#.#
#...........# ..#.#..
#...........#


You could see an orc priest (wandering) and an orc wizard.

Vanquished Creatures
  A gnoll sergeant (D:5)
  3 scorpions
  The ghost of koelner the Stinger, a weakling DsVM (D:3)
  A crimson imp (D:5)
  2 orc priests (D:5)
  A bullfrog skeleton (D:5)
  A hound (D:4)
  2 orc wizards
  3 worker ants
  2 adders
  A shadow imp (D:5)
  An ooze (D:3)
  An adder zombie (D:5)
  5 worms
  2 dart slugs
  2 leopard geckos (D:4)
  10 orcs
  5 bats
  10 giant cockroaches
  10 goblins
  6 hobgoblins
  3 jackals (D:2)
  8 kobolds
  2 quokkas (D:3)
  A ball python (D:1)
  6 frilled lizards
  A quokka skeleton (D:3)
  8 rats
  A spectral orc (D:2)
100 creatures vanquished.

Vanquished Creatures (others)
  A frilled lizard (D:2)
1 creature vanquished.

Grand Total: 101 creatures vanquished

Notes
Turn   | Place    | Note
-------+----------+-------------------------------------------
     0 | D:1      | KleinerIrrer the Merfolk Gladiator began the quest for the Orb.
     0 | D:1      | Reached XP level 1. HP: 16/16 MP: 1/1
    69 | D:1      | Reached XP level 2. HP: 13/22 MP: 2/2
   671 | D:1      | Reached XP level 3. HP: 23/27 MP: 3/3
   743 | D:2      | Reached skill level 5 in Dodging
  1027 | D:2      | Reached skill level 1 in Stealth
  1029 | D:2      | Reached skill level 5 in Polearms
  1314 | D:2      | Reached XP level 4. HP: 34/34 MP: 4/4
  1342 | D:2      | Found a basalt altar of Yredelemnul.
  1568 | D:3      | Found a shattered altar of Ashenzari.
  1681 | D:3      | Found a faded altar of an unknown god.
  1684 | D:3      | Noticed koelner's ghost (weakling DsVM)
  1720 | D:3      | Killed koelner's ghost
  1720 | D:3      | Reached XP level 5. HP: 24/39 MP: 5/5
  2022 | D:3      | Reached skill level 1 in Armour
  2315 | D:4      | Reached skill level 6 in Polearms
  2350 | D:4      | Noticed Sigmund
  2398 | D:4      | Reached XP level 6. HP: 40/47 MP: 6/6
  2842 | D:4      | Got a steaming robe
  3103 | D:4      | Found a radiant altar of Vehumet.
  3277 | D:4      | Reached skill level 7 in Polearms
  3458 | D:5      | Entered Level 5 of the Dungeon
  3728 | D:5      | Reached XP level 7. HP: 52/52 MP: 7/7
  4341 | D:5      | Reached skill level 8 in Polearms
  4367 | D:4      | Killed from afar by an orc wizard

Skill      XL: |  1  2  3  4  5  6  7 |
---------------+----------------------+-----
Dodging        | 5 |  5.8
Stealth        | 1 2 3 4 |  4.0
Polearms       | 5 6 7 8 |  8.1
Armour         | 1 2 |  2.1
Fighting       | 3 |  3.7
Throwing       | |  2.0

Action                   |  1- 3 |  4- 6 |  7- 9 || total
-------------------------+-------+-------+-------++-------
Melee: Trident           |   141 |   224 |    75 ||   440
  Use: Scroll            |     6 |     2 |       ||     8
       Potion            |       |       |     2 ||     2
 Stab: Sleeping          |     1 |     5 |       ||     6
       Distracted        |       |     2 |       ||     2
  Eat: Chunk             |     1 |     8 |       ||     9
       Bread ration      |       |       |     1 ||     1
Armor: Leather armour    |    25 |    25 |     7 ||    57
Dodge: Dodged            |    75 |   108 |    31 ||   214
       Deflected         |     2 |     1 |       ||     3
